 Dungeon Crawl Stone Soup version 0.20.1-1-g8b1a95d (webtiles) character file.

9107 tmwrnj the Cleaver (level 11, -17/97 HPs)
             Began as a Hill Orc Fighter on Oct 4, 2017.
             Was a Believer of Beogh.
             Demolished by an enormous slime creature (53 damage)
             ... on level 11 of the Dungeon.
             The game lasted 00:29:09 (12144 turns).

tmwrnj the Cleaver (Hill Orc Fighter)              Turns: 12144, Time: 00:29:09

Health: -17/97     AC: 19    Str: 21    XL:     11   Next: 41%
Magic:  0/11       EV: 11    Int:  8    God:    Beogh [**....]
Gold:   392        SH:  0    Dex: 12    Spells: 10/10 levels left

rFire    . . .     SeeInvis .   O - +5 battleaxe
rCold    + . .     Gourm    .   (shield currently unavailable)
rNeg     . . .     Faith    .   E - +0 chain mail {rC+}
rPois    .         Spirit   +   L - +2 helmet
rElec    .         Reflect  .   S - scarf {Spirit}
rCorr    .         Harm     .   z - +0 pair of gloves
MR       .....                  A - +2 pair of boots
Stlth    ..........             (no amulet)
Regen    0.3/turn               H - +2 ring of evasion
MPRegen  0.2/turn               (no ring)

@: no status effects
A: no striking features
a: Smiting, Renounce Religion


You were on level 11 of the Dungeon.
You worshipped Beogh.
Beogh was pleased with you.
You were not hungry.

You visited 1 branch of the dungeon, and saw 12 of its levels.
You also visited: Sewer.

You collected 642 gold pieces.
You spent 250 gold pieces at shops.

Inventory:

Hand Weapons
 a - a +0 war axe
 I - a +0 giant club
 O - a +5 battleaxe (weapon)
Armour
 c - a +0 shield
 m - a +0 chain mail
 z - a +0 pair of gloves (worn)
 A - a +2 pair of boots (worn)
 E - a +0 chain mail of cold resistance (worn)
 F - a +1 cloak
 J - a +0 plate armour
 L - a +2 helmet (worn)
 S - a scarf of spirit shield (worn)
Jewellery
 v - an uncursed ring of ice
 G - an uncursed amulet of harm
 H - a +2 ring of evasion (left hand)
 M - an uncursed ring of fire
Wands
 V - a wand of enslavement (16/24)
Scrolls
 b - 10 scrolls of teleportation
 g - a scroll of noise {unknown}
 j - a scroll of enchant armour {unknown}
 p - a scroll of blinking {unknown}
 q - 2 scrolls of fog
 r - 3 scrolls of remove curse
 s - 2 scrolls of magic mapping {unknown}
 y - 2 scrolls of amnesia {unknown}
 K - a scroll of recharging {unknown}
 Q - a scroll of random uselessness {unknown}
 U - a scroll of enchant weapon {unknown}
 X - a scroll of silence {unknown}
Potions
 d - 2 potions of might
 e - 2 potions of agility
 h - 3 potions of berserk rage
 i - 6 potions of curing
 k - 2 potions of resistance {unknown}
 l - 2 potions of mutation {unknown}
 n - 3 potions of brilliance
 t - 2 potions of heal wounds
 u - a potion of ambrosia {unknown}
 w - 4 potions of flight
 x - a potion of invisibility {unknown}
 B - a potion of degeneration {unknown}
 D - 2 potions of haste {unknown}
 Y - a potion of lignification {unknown}
Miscellaneous
 W - a phantom mirror
Comestibles
 f - 9 bread rations
 o - 6 meat rations
 C - 3 royal jellies
 N - a chunk of flesh


   Skills:
 + Level 9.5 Fighting
 + Level 14.5 Axes
 + Level 8.4 Armour
 + Level 2.5 Dodging
 + Level 1.5 Stealth
 + Level 8.9 Shields


You had 10 spell levels left.
You didn't know any spells.

Dungeon Overview and Level Annotations

Branches:
Dungeon (12/15)            Temple (0/1) D:4            Lair (0/6) D:10
    Orc: D:9-12

Altars:
Dithmenos

Shops:
D:7 !   D:9 [

Annotations:
D:11 Book cache in E


Message History

The slime creature misses you.
The slime creature hits you but does no damage.
You climb upwards.
Level annotation: Book cache in E
There is a stone staircase leading down here.
The slime creature hits you but does no damage.
Two slime creatures merge to form a large slime creature.
You slash the large slime creature!
The large slime creature is lightly wounded.
The large slime creature hits you!
Two slime creatures merge to form an enormous slime creature.
You slice the enormous slime creature!!
The enormous slime creature is lightly wounded.
You slash the enormous slime creature!
The enormous slime creature is lightly wounded.
The enormous slime creature hits you!!!
Ouch! That really hurt!
The enormous slime creature hits you!!!
Ouch! That really hurt!
You die...

.....#..<..#####.##
.....#..##........#
........:....))#..##
...........###.....##
.....##.>..#####....#
........#.#.........#
....#####.#.........# ..#.#
#.#.........# ..#.#
###.#.....@...#########
....###...#....J............#
........###.................#
...###..# #)................#
....##..###.................#
.....#....#.................#
##...#.##...................#
##....####.####.###......>.#
#......##.# #.############


You could see an enormous slime creature.

Vanquished Creatures
  2 two-headed ogres
  A troll (D:11)
  A hornet (D:11)
  A hippogriff (D:11)
  A shadow (D:11)
  A spriggan (D:11)
  A vampire (D:9)
  2 wyverns (D:10)
  A wraith (D:11)
  5 yaks (D:11)
  Grum (D:9)
  Eustachio (D:5)
  A water moccasin (D:10)
  2 orc warriors
  Duvessa (D:5)
  A swamp drake (D:10)
  5 ice beasts
  A sky beast (D:6)
  2 phantoms
  A necrophage (D:8)
  A hornet zombie (D:6)
  3 wolves (D:9)
  An eye of draining (D:9)
  5 ogres
  3 centaurs
  4 crocodiles
  A wyvern zombie (D:11)
  8 bullfrogs
  A water moccasin zombie (D:11)
  Dowan (D:5)
  4 scorpions
  4 wights (D:8)
  A howler monkey (D:5)
  A crimson imp (D:10)
  Crazy Yiuf (D:5)
  A bullfrog zombie (D:11)
  6 orc priests
  A jelly (D:8)
  5 hounds
  16 orc wizards
  3 bullfrog skeletons
  5 iguanas
  5 worker ants
  2 hound zombies
  2 hound skeletons
  3 gnolls
  12 adders
  4 shadow imps
  6 oozes
  2 adder skeletons
  2 worms
  28 leopard geckos
  28 orcs
  9 bats
  14 giant cockroaches
  7 goblins
  6 hobgoblins
  6 jackals
  3 kobolds
  5 quokkas
  6 ball pythons (Sewer)
  13 frilled lizards
  A leopard gecko skeleton (D:4)
  A leopard gecko zombie (D:8)
  A quokka skeleton (D:7)
  5 rats
279 creatures vanquished.

Vanquished Creatures (others)
  2 orcs (D:5)
  3 jackals (D:5)
5 creatures vanquished.

Grand Total: 284 creatures vanquished

Notes
Turn   | Place    | Note
-------+----------+-------------------------------------------
     0 | D:1      | tmwrnj the Hill Orc Fighter began the quest for the Orb.
     0 | D:1      | Reached XP level 1. HP: 19/19 MP: 1/1
    49 | D:1      | Reached XP level 2. HP: 26/27 MP: 2/2
   142 | D:1      | Reached skill level 3 in Axes
   326 | D:2      | Reached XP level 3. HP: 26/33 MP: 3/3
   445 | D:2      | Found a shadowy altar of Dithmenos.
  1213 | D:3      | Reached XP level 4. HP: 37/41 MP: 4/4
  1502 | D:3      | Reached skill level 4 in Axes
  1502 | D:3      | Reached XP level 5. HP: 46/47 MP: 5/5
  1952 | D:4      | Reached skill level 5 in Axes
  2018 | D:4      | Reached XP level 6. HP: 50/53 MP: 6/6
  2051 | D:4      | Found a staircase to the Ecumenical Temple.
  2271 | D:4      | Reached skill level 6 in Axes
  2560 | D:4      | Reached skill level 5 in Fighting
  2560 | D:4      | Reached XP level 7. HP: 47/61 MP: 7/7
  2662 | D:4      | Reached skill level 5 in Shields
  3251 | D:5      | Entered Level 5 of the Dungeon
  3301 | D:5      | Noticed Duvessa
  3306 | D:5      | Noticed Dowan
  3508 | D:5      | Killed Duvessa
  3508 | D:5      | Reached skill level 7 in Axes
  3508 | D:5      | Reached skill level 1 in Dodging
  3557 | D:5      | Killed Dowan
  3616 | D:5      | Found a glowing drain.
  3640 | Sewer    | Entered a sewer
  3859 | Sewer    | Reached skill level 8 in Axes
  3928 | Sewer    | Reached XP level 8. HP: 66/69 MP: 8/8
  4043 | D:5      | Noticed Eustachio
  4075 | D:5      | Killed Eustachio
  4075 | D:5      | Reached skill level 5 in Armour
  4409 | D:5      | Reached skill level 9 in Axes
  4460 | D:5      | Became a worshipper of Beogh the Brigand
  4582 | D:5      | Found a runed door.
  4586 | D:5      | Noticed Crazy Yiuf
  4597 | D:5      | Killed Crazy Yiuf
  5217 | D:6      | Reached XP level 9. HP: 78/78 MP: 9/9
  5311 | D:6      | Reached skill level 10 in Axes
  6086 | D:7      | Reached * piety under Beogh
  6478 | D:7      | Found Lehyoqaun's Distillery.
  6485 | D:7      | Bought a potion of heal wounds for 55 gold pieces
  6652 | D:7      | Reached skill level 11 in Axes
  7554 | D:8      | Noticed a two-headed ogre
  7611 | D:9      | Noticed Grum
  7618 | D:9      | Reached XP level 10. HP: 66/88 MP: 10/10
  7627 | D:9      | Killed Grum
  7627 | D:9      | Reached skill level 12 in Axes
  8138 | D:7      | Reached ** piety under Beogh
  8720 | D:6      | Reached skill level 1 in Stealth
  8923 | D:9      | Found Pypesoirr's Antique Armour Emporium.
  8930 | D:9      | Bought a glowing chain mail for 195 gold pieces
  9449 | D:9      | Noticed a two-headed ogre
  9463 | D:9      | Killed a two-headed ogre
  9792 | D:10     | Entered Level 10 of the Dungeon
  9867 | D:10     | Reached skill level 13 in Axes
 10796 | D:10     | Found a staircase to the Lair.
 11026 | D:11     | Reached XP level 11. HP: 61/97 MP: 7/11
 11210 | D:11     | Noticed a two-headed ogre
 11217 | D:11     | Killed a two-headed ogre
 11291 | D:11     | Reached skill level 14 in Axes
 12144 | D:11     | Demolished by an enormous slime creature

Skill      XL: |  1  2  3  4  5  6  7  8  9 10 11 |
---------------+----------------------------------+-----
Fighting       | 4 5 6 7 9 |  9.5
Axes           | 3 4 5 6 8 9 11 13 14 | 14.5
Shields        | 4 5 6 7 8 |  8.9
Armour         | 4 5 6 8 |  8.4
Dodging        | 1 2 |  2.5
Stealth        | 1 |  1.5

Action                   |  1- 3 |  4- 6 |  7- 9 | 10-12 || total
-------------------------+-------+-------+-------+-------++-------
Melee: War axe           |   137 |   154 |   555 |   282 ||  1128
       Battleaxe         |       |       |       |    85 ||    85
Invok: Convert to Beogh  |       |       |     1 |       ||     1
  Use: Scroll            |       |       |     6 |     3 ||     9
  Eat: Chunk             |     1 |     5 |    14 |    11 ||    31
       Fruit             |       |       |     2 |     2 ||     4
       Royal jelly       |       |       |       |     2 ||     2
Armor: Scale mail        |    44 |       |       |       ||    44
       Chain mail        |    32 |   100 |   316 |   140 ||   588
Dodge: Dodged            |    41 |    26 |   161 |   131 ||   359
Block: Shield            |    76 |    84 |   356 |   114 ||   630
